Map: Dusk Towers

Players

Rail - Winner!

  • Race: Protoss Protoss
  • League: Grandmaster

ThisGameSuck

  • Race: Protoss Protoss
  • League: Grandmaster

VOD

Have the link to the VOD?

Description

Time

  • Played on: June 30, 2016, 9:46 a.m.
  • Length: 6:27
Show
View Real Time Build Order
Export as new Build Order

Rail Protoss - Winner!

Build Orders: 1 Gate Expand 

Get SALT Encoding   

  12  0:01  Probe (Chrono Boost)  
  13  0:11  Probe (Chrono Boost)  
  14  0:21  Pylon  
  14  0:22  Probe (Chrono Boost)  
  15  0:39  Probe (Chrono Boost)  
  15  0:40  Gateway  
  16  0:46  Assimilator  
  16  0:50  Probe (Chrono Boost)  
  17  1:00  Probe (Chrono Boost)  
  18  1:16  Nexus  
  19  1:18  Probe (Chrono Boost)  
  19  1:26  Assimilator  
  19  1:32  Cybernetics Core  
  19  1:36  Probe (Chrono Boost)  
  20  1:42  Pylon  
  20  1:46  Probe (Chrono Boost)  
  21  1:57  Probe (Chrono Boost)  
  22  2:07  Probe (Chrono Boost)  
  23  2:10  Stalker (Chrono Boost), Warp Gate (Chrono Boost)  
  25  2:20  Mothership Core  
  27  2:27  Probe  
  30  2:37  Stalker (Chrono Boost)  
  30  2:39  Gateway  
  30  2:43  Probe x2  
  32  2:54  Gateway  
  32  3:03  Stalker (Chrono Boost)  
  34  3:11  Pylon  
  34  3:20  Gateway  
  34  3:23  Gateway  
  34  3:38  Gateway  
  34  3:40  Robotics Facility  
  34  3:49  Gateway, Stalker  
  34  3:51  Sentry  
  38  4:10  Pylon  
  38  4:16  Stalker  
  38  4:22  Stalker  
  35  4:24  Probe  
  35  4:26  Stalker  
  35  4:28  Sentry  
  38  4:33  Probe  
  38  4:36  Probe  
  36  4:43  Probe  
  37  4:48  Probe  
  37  4:52  Sentry  
  40  4:56  Probe  
  39  5:02  Probe  
  39  5:06  Probe  
  40  5:11  Stalker  
  41  5:14  Stalker, Probe  
  41  5:17  Zealot  
  46  5:29  Probe  
  46  5:31  Stalker  
  46  5:33  Stalker  
  41  5:44  Pylon  
  41  5:49  Pylon  
  41  5:51  Stalker  
  39  5:57  Stalker  
  39  6:04  Stalker  
  41  6:12  Stalker  
  39  6:20  Stalker  
Show
View Real Time Build Order
Export as new Build Order

ThisGameSuck Protoss 

Build Orders:  

Get SALT Encoding   

  12  0:01  Probe (Chrono Boost)  
  13  0:11  Probe (Chrono Boost)  
  14  0:17  Pylon  
  14  0:22  Probe (Chrono Boost)  
  16  0:35  Probe (Chrono Boost)  
  16  0:36  Gateway  
  16  0:46  Probe (Chrono Boost)  
  16  0:47  Assimilator  
  17  0:52  Assimilator  
  17  0:57  Probe (Chrono Boost)  
  18  1:07  Probe (Chrono Boost)  
  19  1:18  Probe (Chrono Boost)  
  20  1:20  Gateway  
  20  1:24  Cybernetics Core  
  20  1:28  Probe (Chrono Boost)  
  21  1:35  Pylon  
  21  1:40  Probe (Chrono Boost)  
  22  1:50  Probe (Chrono Boost)  
  23  2:03  Stalker (Chrono Boost), Mothership Core  
  23  2:04  Warp Gate (Chrono Boost)  
  27  2:10  Stalker (Chrono Boost)  
  29  2:20  Pylon  
  29  2:25  Probe  
  30  2:38  Stalker (Chrono Boost), Probe  
  33  2:48  Pylon  
  33  2:50  Stalker  
  34  3:08  Gateway  
  34  3:09  Pylon  
  34  3:17  Stalker  
  36  3:45  Gateway  
  36  3:47  Probe  
  36  4:06  Stalker x3  
  34  4:32  Stalker x2  
  34  4:33  Stalker  
  34  4:42  Stalker  
  34  4:56  Stalker x3  
  38  5:12  Stalker  
  38  5:18  Stalker  
  38  5:20  Adept x2  
  34  5:37  Stalker  
  34  5:39  Stalker  
  34  5:40  Zealot  
  34  5:41  Stalker  
  32  5:59  Stalker  
  32  6:00  Stalker  
  32  6:03  Adept  
  36  6:14  Stalker  
Tags
 
Add a new tag
Caveats
  • Supply blocks, unpowered buildings, or Contaminate may cause inaccurate times.
  • Supply counts are checked every 10 seconds.